 Dungeon Crawl Stone Soup version 0.24.0-37-gcf1ca852f1 (webtiles) character file.

Game seed: 13809496663443366693, levelgen mode: deterministic

67 sankara the Grasshopper (level 4, -1/29 HPs)
             Began as a Halfling Warper on Nov 30, 2019.
             Killed from afar by Natasha (3 damage)
             ... with a magic dart
             ... on level 2 of the Dungeon.
             The game lasted 00:04:17 (1068 turns).

sankara the Grasshopper (Halfling Warper)           Turns: 1068, Time: 00:04:19

Health: -1/29      AC:  4    Str: 12    XL:     4   Next: 38%
Magic:  0/6        EV: 15    Int: 12    God:
Gold:   72         SH:  0    Dex: 13    Spells: 2/6 levels left

rFire    . . .     SeeInvis .   a - +0 short sword
rCold    . . .     Gourm    .   (shield restricted)
rNeg     . . .     Faith    .   b - +0 leather armour
rPois    .         Spirit   .   (no helmet)
rElec    .         Reflect  .   (no cloak)
rCorr    .         Harm     .   (no gloves)
MR       .....                  l - +0 pair of boots
Stlth    +.........             (no amulet)
HPRegen  0.09/turn              (no ring)
MPRegen  0.10/turn              (no ring)

@: no status effects
A: small, mutation resistance 1
a: no special abilities


You were on level 2 of the Dungeon.
You were not hungry.

You visited 1 branch of the dungeon, and saw 2 of its levels.

You collected 72 gold pieces.

Inventory:

Hand Weapons
 a - a +0 short sword (weapon)
Missiles
 c - 33 stones
 e - 5 boomerangs of dispersal (quivered)
 g - 44 sling bullets
 i - 15 poisoned darts
Armour
 b - a +0 leather armour (worn)
 l - a +0 pair of boots (worn)
Scrolls
 d - 2 scrolls of blinking
 h - a scroll of fear {unknown}
 j - a scroll of fog {unknown}
 o - a scroll of identify {unknown}
Potions
 m - a potion of flight {unknown}
Comestibles
 f - 3 rations
 n - a chunk of flesh


   Skills:
 - Level 1.7 Fighting
 - Level 3.0 Short Blades
 - Level 1.0 Throwing
 - Level 1.1 Armour
 + Level 3.2 Dodging
 - Level 1.5 Spellcasting
 + Level 1.7 Charms
 + Level 3.9 Translocations


You had 2 spell levels left.
You knew the following spells:

 Your Spells              Type           Power        Failure   Level  Hunger
a - Blink                 Tloc           N/A          11%         2    ###....
b - Shroud of Golubria    Chrm/Tloc      #.....       17%         2    ###....

Your spell library contained the following spells:

 Spells                   Type           Power        Failure   Level  Hunger
 Gell's Gravitas          Tloc           ##........   22%         3    ####...
 Lesser Beckoning         Tloc           ##........   22%         3    ####...
 Teleport Other           Tloc           ##......     22%         3    ####...
 Passage of Golubria      Tloc           N/A          56%         4    #####..


Dungeon Overview and Level Annotations

Branches:
Dungeon (2/15)

Altars:

Annotations:
D:2 Natasha


Innate Abilities, Weirdness & Mutations

You are small and have problems with some larger weapons.
You are somewhat resistant to further mutation.


Message History

The magic dart hits you. The crimson imp misses you. Natasha claws you!
* * * LOW HITPOINT WARNING * * *
Your shroud falls apart!
You barely miss Natasha.
Natasha is moderately wounded.
The crimson imp barely misses you. Natasha barely misses you.
You hit Natasha.
Natasha is moderately wounded.
The crimson imp hits you but does no damage.
Natasha claws you.
* * * LOW HITPOINT WARNING * * *
The crimson imp hits you.
* * * LOW HITPOINT WARNING * * *
It was a potion of cancellation.
Your magical effects are unravelling.
You feel magically purged.
You feel yourself speed up. Natasha casts a spell at you.
The magic dart hits you.
You die...

#...# #.# #.<.# #.######
#...########.......#
###........##........#
............#...###..#
.............)........
............#%...##..#
###...####.##.#.h##..#.#
#...)..%.##.#5@.......
#...#######......[#...
#...# ####.#### ...# #.#
#.# #.# #.. ###


You could see Natasha and a crimson imp.

Vanquished Creatures
  Jessica (D:2)
  Natasha (D:2)
  A dart slug (D:1)
  2 leopard geckos
  A goblin (D:2)
  2 hobgoblins
  3 bats
  2 frilled lizards (D:2)
  A rat (D:1)
14 creatures vanquished.

Notes
Turn   | Place    | Note
-------+----------+-------------------------------------------
     0 | D:1      | sankara the Halfling Warper began the quest for the Orb.
     0 | D:1      | Reached XP level 1. HP: 14/14 MP: 3/3
   223 | D:1      | Reached XP level 2. HP: 18/19 MP: 4/4
   233 | D:1      | Learned a level 2 spell: Blink
   236 | D:1      | Learned a level 2 spell: Shroud of Golubria
   756 | D:2      | Noticed Jessica
   779 | D:2      | Killed Jessica
   779 | D:2      | Reached skill level 1 in Charms
   779 | D:2      | Reached XP level 3. HP: 24/24 MP: 1/5
  1018 | D:2      | Noticed Natasha
  1036 | D:2      | Killed Natasha
  1036 | D:2      | Reached XP level 4. HP: 29/29 MP: 2/6
  1051 | D:2      | Noticed Natasha
  1068 | D:2      | Killed from afar by Natasha

Levels and vault maps discovered:
D:1:      lemuel_arrival_room, layout_basic, minmay_hedge_maze
D:2:      layout_loops_cross, yredelemnul_altar_generic, first_ration,
          minmay_misc_feat_more_columns, uniq_jessica, uniq_natasha

Skill      XL: |  1  2  3 |
---------------+----------+-----
Short Blades   | 3 |  3.0
Charms         | 1 |  1.7
Dodging        | 3 |  3.2
Fighting       | |  1.7
Throwing       | |  1.0
Armour         | |  1.1
Spellcasting   | |  1.5
Translocations | |  3.9

Action                   |  1- 3 |  4- 6 || total
-------------------------+-------+-------++-------
Melee: Short sword       |    53 |    19 ||    72
 Cast: Shroud of Golubri |     5 |     3 ||     8
  Use: Potion            |       |     1 ||     1
  Eat: Chunk             |     1 |       ||     1
Armor: Leather armour    |    20 |     8 ||    28
Dodge: Dodged            |    68 |    31 ||    99
